[ AOE2 MATCH · #480093821 ]
UnrankedHindustanis vs Mapuche
[ REPLAY ANALYSIS · EXTRACTED FROM THE RECORDED GAME ]
Feudal
11:29
Castle
27:16
Imperial
—
| APM avg | 43.1 |
| APM peak | 91 |
| eAPM avg | 21.0 |
| Villagers / military | 64 / 30 |
Focus
⚔️ 32.5% · 🌾 67.5%
Scout Cavalry ×23 · Spearman ×7
Feudal
11:47
Castle
26:23
Imperial
—
| APM avg | 63.6 |
| APM peak | 115 |
| eAPM avg | 27.5 |
| Villagers / military | 141 / 129 |
Focus
⚔️ 39.5% · 🌾 60.5%
Knight ×104 · Spearman ×9 · Scout Cavalry ×9 · Battering Ram ×4 · Monk ×3
Feudal
18:22
Castle
22:35
Imperial
—
| APM avg | 45.8 |
| APM peak | 94 |
| eAPM avg | 28.8 |
| Villagers / military | 110 / 19 |
Focus
⚔️ 39.8% · 🌾 60.2%
Kona ×19
Feudal
21:02
Castle
24:31
Imperial
—
| APM avg | 46.7 |
| APM peak | 94 |
| eAPM avg | 34.2 |
| Villagers / military | 128 / 48 |
Focus
⚔️ 40.0% · 🌾 60.0%
Knight ×25 · Camel Scout ×18 · Fishing Ship ×5 · Monk ×4 · Mangonel ×1
Feudal
13:11
Castle
17:20
Imperial
—
| APM avg | 37.1 |
| APM peak | 82 |
| eAPM avg | 20.5 |
| Villagers / military | 164 / 34 |
Focus
⚔️ 26.3% · 🌾 73.7%
Camel Scout ×31 · Cavalry Archer ×2 · Knight ×1
Feudal
11:48
Castle
27:29
Imperial
—
| APM avg | 59.5 |
| APM peak | 91 |
| eAPM avg | 28.7 |
| Villagers / military | 105 / 64 |
Focus
⚔️ 41.6% · 🌾 58.4%
Mangudai ×32 · Spearman ×18 · Scout Cavalry ×7 · Battering Ram ×6 · Mangonel ×1
Feudal
11:15
Castle
29:32
Imperial
—
| APM avg | 40.7 |
| APM peak | 58 |
| eAPM avg | 22.5 |
| Villagers / military | 127 / 106 |
Focus
⚔️ 47.2% · 🌾 52.8%
Scout Cavalry ×46 · Spearman ×23 · Cavalry Archer ×12 · Steppe Lancer ×10 · Fire Lancer ×8 · Camel Scout ×7
Feudal
13:52
Castle
—
Imperial
—
| APM avg | 25.5 |
| APM peak | 81 |
| eAPM avg | 21.1 |
| Villagers / military | 44 / 0 |
Focus
⚔️ 17.0% · 🌾 83.0%
Match map
Initial resources + every placement click. Lines = walls · curves = elevation contours. ◆ gold · ⬟ stone · ● berries · ✦ relic · ◌ wall gap
Your base· Open — 7t gap
kk900826's base· Open — unwalled flank
CTM | SMH's base· Open — unwalled flank
David Rasie's base· Open — unwalled flank
CTM | Carpincho's base· Open — unwalled flank
色狼英雄传's base· Open — 15t gap
CTM | Lelouch's base· Open — unwalled flank
CTM | KanChon's base· Open — 6t gap
Smoothed initial terrain · ◌ = detected wall gap · hover for details
Inputs per minute
— SHENBBBBB - - kk900826
Build order — SHENBBBBB
First 150 of 172 actions detected
| 0:16 | Build | Town Center |
| 1:41 | Build | House |
| 2:17 | Build | House |
| 2:21 | Build | House |
| 2:30 | Create | Villager (Male) |
| 2:31 | Create | Villager (Male) |
| 2:31 | Create | Villager (Male) |
| 2:31 | Create | Villager (Male) |
| 3:21 | Create | Villager (Male) |
| 3:47 | Build | House |
| 4:04 | Create | Villager (Male) |
| 4:04 | Create | Villager (Male) |
| 4:35 | Create | Villager (Male) |
| 4:35 | Create | Villager (Male) |
| 4:37 | Build | Lumber Camp |
| 5:00 | Create | Villager (Male) |
| 5:00 | Create | Villager (Male) |
| 5:01 | Create | Villager (Male) |
| 5:32 | Create | Villager (Male) |
| 5:51 | Create | Villager (Male) |
| 6:01 | Create | Villager (Male) |
| 6:13 | Create | Villager (Male) |
| 6:42 | Build | House |
| 6:56 | Build | Mill |
| 7:13 | Build | House |
| 7:33 | Create | Villager (Male) |
| 7:36 | Create | Villager (Male) |
| 8:48 | Create | Villager (Male) |
| 9:19 | Research | Feudal Age |
| 9:20 | Research | Feudal Age |
| 10:24 | Build | Barracks |
| 11:02 | Create | Villager (Male) |
| 11:26 | Research | Loom |
| 11:29 | Age | Feudal Age |
| 11:32 | Build | Stable |
| 11:38 | Create | Villager (Male) |
| 11:41 | Research | Double-Bit Axe |
| 11:41 | Research | Double-Bit Axe |
| 11:44 | Create | Villager (Male) |
| 11:54 | Build | Farm |
| 11:58 | Build | Farm |
| 12:05 | Create | Villager (Male) |
| 12:12 | Create | Spearman |
| 12:14 | Create | Scout Cavalry |
| 12:21 | Create | Scout Cavalry |
| 12:32 | Build | Blacksmith |
| 12:40 | Create | Villager (Male) |
| 12:45 | Create | Scout Cavalry |
| 12:56 | Build | Farm |
| 13:14 | Build | House |
| 13:15 | Research | Town Watch |
| 13:21 | Research | Town Watch |
| 13:24 | Research | Scale Barding Armor |
| 13:24 | Research | Scale Barding Armor |
| 13:25 | Create | Scout Cavalry |
| 13:42 | Build | House |
| 13:43 | Build | House |
| 13:45 | Create | Villager (Male) |
| 13:48 | Build | Farm |
| 14:05 | Create | Scout Cavalry |
| 14:35 | Create | Scout Cavalry |
| 14:36 | Create | Villager (Male) |
| 14:42 | Build | Farm |
| 14:43 | Build | Farm |
| 14:43 | Create | Villager (Male) |
| 14:44 | Build | Farm |
| 14:57 | Research | Forging |
| 15:00 | Build | House |
| 15:01 | Build | House |
| 15:05 | Create | Villager (Male) |
| 15:49 | Create | Scout Cavalry |
| 15:50 | Create | Villager (Male) |
| 15:57 | Build | Mill |
| 16:28 | Create | Scout Cavalry |
| 16:37 | Create | Villager (Male) |
| 16:47 | Create | Scout Cavalry |
| 16:52 | Build | Farm |
| 17:01 | Create | Scout Cavalry |
| 17:22 | Create | Villager (Male) |
| 17:27 | Create | Villager (Male) |
| 17:27 | Create | Villager (Male) |
| 17:28 | Create | Villager (Male) |
| 17:45 | Create | Scout Cavalry |
| 17:45 | Create | Villager (Male) |
| 18:02 | Create | Scout Cavalry |
| 18:07 | Build | Farm |
| 18:08 | Build | Farm |
| 18:30 | Build | Farm |
| 18:35 | Build | Mining Camp |
| 18:45 | Create | Scout Cavalry |
| 19:04 | Create | Villager (Male) |
| 19:07 | Create | Scout Cavalry |
| 19:10 | Research | Gold Mining |
| 19:10 | Research | Gold Mining |
| 19:35 | Create | Villager (Male) |
| 19:58 | Create | Villager (Male) |
| 20:04 | Create | Scout Cavalry |
| 20:49 | Create | Villager (Male) |
| 20:52 | Research | Bloodlines |
| 20:52 | Research | Bloodlines |
| 20:54 | Build | House |
| 20:55 | Build | House |
| 21:03 | Create | Villager (Male) |
| 21:03 | Create | Villager (Male) |
| 21:07 | Build | Palisade Wall |
| 21:18 | Create | Scout Cavalry |
| 21:19 | Create | Scout Cavalry |
| 21:27 | Create | Scout Cavalry |
| 21:28 | Create | Villager (Male) |
| 21:32 | Create | Scout Cavalry |
| 21:32 | Create | Scout Cavalry |
| 21:32 | Create | Scout Cavalry |
| 21:33 | Create | Scout Cavalry |
| 21:36 | Create | Villager (Male) |
| 21:38 | Create | Villager (Male) |
| 21:40 | Build | Farm |
| 21:46 | Build | Market |
| 22:00 | Create | Spearman |
| 22:02 | Create | Villager (Male) |
| 22:20 | Build | House |
| 22:30 | Create | Spearman |
| 22:34 | Build | House |
| 22:34 | Build | House |
| 22:38 | Build | House |
| 23:09 | Create | Villager (Male) |
| 23:16 | Create | Scout Cavalry |
| 24:26 | Research | Castle Age |
| 24:27 | Research | Castle Age |
| 24:36 | Create | Spearman |
| 24:36 | Create | Spearman |
| 24:51 | Create | Villager (Male) |
| 25:20 | Create | Spearman |
| 25:38 | Create | Villager (Male) |
| 26:22 | Create | Spearman |
| 27:16 | Age | Castle Age |
| 27:29 | Build | Town Center |
| 28:00 | Build | Town Center |
| 29:25 | Create | Villager (Male) |
| 29:26 | Create | Villager (Male) |
| 29:57 | Create | Villager (Male) |
| 30:24 | Build | Lumber Camp |
| 31:11 | Build | Farm |
| 31:12 | Build | Farm |
| 31:25 | Create | Villager (Male) |
| 32:26 | Build | House |
| 32:28 | Build | House |
| 32:31 | Build | House |
| 33:03 | Create | Villager (Male) |
| 33:19 | Build | Town Center |
| 34:40 | Build | Farm |
Build order — kk900826
First 150 of 331 actions detected
| 0:34 | Build | Town Center |
| 2:28 | Build | House |
| 3:08 | Create | Villager (Male) |
| 3:09 | Create | Villager (Male) |
| 3:09 | Create | Villager (Male) |
| 3:23 | Create | Villager (Male) |
| 3:24 | Create | Villager (Male) |
| 3:24 | Create | Villager (Male) |
| 3:24 | Create | Villager (Male) |
| 4:26 | Build | Mill |
| 4:58 | Create | Villager (Male) |
| 4:58 | Create | Villager (Male) |
| 4:58 | Create | Villager (Male) |
| 5:05 | Create | Villager (Male) |
| 5:05 | Create | Villager (Male) |
| 5:05 | Create | Villager (Male) |
| 5:05 | Create | Villager (Male) |
| 5:37 | Build | House |
| 5:43 | Create | Villager (Male) |
| 5:43 | Create | Villager (Male) |
| 6:12 | Create | Villager (Male) |
| 6:12 | Create | Villager (Male) |
| 6:12 | Create | Villager (Male) |
| 6:40 | Create | Villager (Male) |
| 6:40 | Create | Villager (Male) |
| 6:40 | Create | Villager (Male) |
| 6:42 | Create | Villager (Male) |
| 6:43 | Create | Villager (Male) |
| 6:47 | Build | House |
| 6:58 | Create | Villager (Male) |
| 6:58 | Create | Villager (Male) |
| 6:58 | Create | Villager (Male) |
| 7:15 | Create | Villager (Male) |
| 7:15 | Create | Villager (Male) |
| 7:15 | Create | Villager (Male) |
| 7:23 | Build | House |
| 7:25 | Build | Palisade Wall |
| 7:27 | Build | House |
| 8:16 | Create | Villager (Male) |
| 8:16 | Create | Villager (Male) |
| 8:35 | Create | Villager (Male) ×5 |
| 8:35 | Create | Villager (Male) ×5 |
| 8:36 | Create | Villager (Male) ×5 |
| 8:36 | Create | Villager (Male) ×5 |
| 8:36 | Create | Villager (Male) ×2 |
| 9:37 | Research | Feudal Age |
| 9:38 | Research | Feudal Age |
| 9:38 | Research | Feudal Age |
| 11:13 | Build | Barracks |
| 11:16 | Create | Villager (Male) |
| 11:47 | Age | Feudal Age |
| 12:07 | Build | Stable |
| 12:11 | Build | Palisade Wall |
| 12:16 | Build | Palisade Wall |
| 12:21 | Create | Villager (Male) |
| 12:21 | Create | Villager (Male) |
| 12:25 | Create | Spearman |
| 12:25 | Create | Spearman |
| 12:26 | Create | Spearman |
| 12:26 | Create | Spearman |
| 12:44 | Create | Villager (Male) |
| 12:51 | Research | Double-Bit Axe |
| 12:51 | Research | Double-Bit Axe |
| 12:52 | Create | Scout Cavalry |
| 12:52 | Create | Scout Cavalry |
| 13:01 | Create | Villager (Male) |
| 13:05 | Research | Loom |
| 13:05 | Research | Loom |
| 13:31 | Create | Spearman |
| 13:35 | Build | House |
| 13:56 | Create | Scout Cavalry |
| 14:18 | Create | Scout Cavalry |
| 14:20 | Create | Villager (Male) |
| 14:22 | Build | House |
| 14:30 | Research | Horse Collar |
| 14:31 | Research | Horse Collar |
| 14:34 | Build | Farm |
| 14:34 | Build | Farm |
| 14:34 | Build | Farm |
| 14:34 | Build | Farm |
| 14:34 | Build | Farm |
| 14:35 | Build | Farm |
| 14:35 | Build | Farm |
| 15:06 | Create | Scout Cavalry |
| 15:12 | Create | Villager (Male) |
| 15:23 | Build | Farm |
| 15:49 | Build | House |
| 15:55 | Build | Palisade Wall |
| 15:57 | Create | Villager (Male) ×2 |
| 16:24 | Create | Scout Cavalry |
| 16:24 | Create | Scout Cavalry |
| 16:24 | Create | Scout Cavalry |
| 16:38 | Create | Villager (Male) |
| 16:38 | Create | Villager (Male) |
| 16:48 | Build | House |
| 17:15 | Build | Farm |
| 17:18 | Build | Mule Cart |
| 17:19 | Create | Villager (Male) ×2 |
| 17:38 | Build | Farm |
| 17:44 | Build | Blacksmith |
| 18:13 | Create | Villager (Male) |
| 18:14 | Create | Villager (Male) |
| 18:44 | Create | Villager (Male) |
| 18:50 | Build | Farm |
| 18:52 | Build | Farm |
| 19:02 | Build | Mill |
| 19:12 | Research | Bloodlines |
| 19:12 | Research | Bloodlines |
| 19:24 | Create | Spearman |
| 19:25 | Create | Spearman |
| 19:39 | Research | Forging |
| 19:39 | Research | Forging |
| 19:40 | Create | Villager (Male) |
| 19:41 | Create | Villager (Male) |
| 19:51 | Create | Spearman |
| 20:02 | Create | Spearman |
| 20:03 | Create | Villager (Male) |
| 20:11 | Build | Farm |
| 20:14 | Build | Farm |
| 20:20 | Build | House |
| 20:21 | Build | House |
| 20:28 | Build | House |
| 20:29 | Build | Farm |
| 20:45 | Create | Scout Cavalry |
| 20:46 | Create | Villager (Male) |
| 20:52 | Build | Mule Cart |
| 20:56 | Build | Market |
| 21:19 | Create | Villager (Male) ×3 |
| 21:24 | Build | Farm |
| 21:32 | Build | Palisade Wall |
| 21:36 | Build | Palisade Wall |
| 21:41 | Build | Palisade Wall |
| 21:58 | Create | Villager (Male) |
| 22:58 | Create | Villager (Male) |
| 23:16 | Build | House |
| 23:43 | Research | Castle Age |
| 23:43 | Research | Castle Age |
| 24:07 | Build | Stable |
| 24:12 | Research | Gold Mining |
| 24:12 | Research | Gold Mining |
| 25:30 | Build | Mule Cart |
| 25:36 | Build | Stable |
| 25:39 | Research | Scale Barding Armor |
| 25:39 | Research | Scale Barding Armor |
| 26:05 | Build | Farm |
| 26:07 | Build | Farm |
| 26:23 | Age | Castle Age |
| 26:27 | Create | Knight |
| 26:27 | Create | Knight |
| 26:27 | Create | Knight |
Build order — CTM | SMH
First 150 of 260 actions detected
| 0:09 | Build | Town Center |
| 0:31 | Build | Town Center |
| 2:24 | Build | House |
| 2:32 | Build | House |
| 2:37 | Create | Villager (Male) |
| 2:37 | Create | Villager (Male) |
| 2:38 | Create | Villager (Male) |
| 2:38 | Create | Villager (Male) |
| 2:38 | Create | Villager (Male) |
| 3:57 | Create | Villager (Male) |
| 4:15 | Build | Settlement |
| 4:17 | Create | Villager (Male) |
| 4:47 | Create | Villager (Male) |
| 5:10 | Create | Villager (Male) |
| 5:49 | Build | Palisade Wall |
| 5:55 | Create | Villager (Male) |
| 5:55 | Create | Villager (Male) |
| 5:58 | Build | House |
| 6:16 | Build | House |
| 6:24 | Build | House |
| 6:32 | Create | Villager (Male) |
| 7:01 | Create | Villager (Male) |
| 7:01 | Create | Villager (Male) |
| 7:31 | Create | Villager (Male) |
| 7:36 | Build | Settlement |
| 7:58 | Create | Villager (Male) |
| 8:13 | Create | Villager (Male) |
| 8:35 | Create | Villager (Male) |
| 8:46 | Create | Villager (Male) |
| 9:11 | Create | Villager (Male) |
| 9:32 | Build | Settlement |
| 9:39 | Create | Villager (Male) |
| 9:40 | Create | Villager (Male) |
| 9:49 | Create | Villager (Male) |
| 9:57 | Create | Villager (Male) |
| 9:58 | Create | Villager (Male) |
| 10:15 | Create | Villager (Male) |
| 10:16 | Create | Villager (Male) |
| 10:28 | Create | Villager (Male) |
| 10:33 | Research | Loom |
| 11:34 | Create | Villager (Male) |
| 11:34 | Create | Villager (Male) |
| 12:06 | Create | Villager (Male) |
| 12:50 | Build | Town Center |
| 12:59 | Build | Town Center |
| 14:07 | Build | Palisade Wall |
| 14:08 | Build | Palisade Wall |
| 14:11 | Build | Palisade Wall |
| 14:12 | Build | Palisade Wall |
| 14:20 | Build | Palisade Wall |
| 14:28 | Build | Palisade Wall |
| 14:37 | Build | Palisade Wall |
| 14:45 | Create | Villager (Male) |
| 14:45 | Create | Villager (Male) |
| 15:13 | Create | Villager (Male) |
| 15:16 | Create | Villager (Male) |
| 15:20 | Create | Villager (Male) |
| 15:22 | Build | House |
| 15:25 | Build | Palisade Wall |
| 15:29 | Create | Villager (Male) |
| 15:43 | Build | House |
| 15:47 | Build | Palisade Wall |
| 15:54 | Build | Palisade Gate |
| 16:12 | Research | Feudal Age |
| 17:17 | Build | House |
| 17:44 | Create | Villager (Male) |
| 18:02 | Create | Villager (Male) |
| 18:10 | Build | Palisade Wall |
| 18:22 | Age | Feudal Age |
| 18:29 | Build | Blacksmith |
| 18:34 | Build | Blacksmith |
| 18:37 | Build | Market |
| 18:40 | Create | Villager (Male) |
| 18:46 | Build | Palisade Wall |
| 19:55 | Research | Castle Age |
| 21:04 | Create | Villager (Male) |
| 21:11 | Research | Double-Bit Axe |
| 21:12 | Create | Villager (Male) |
| 21:17 | Create | Villager (Male) |
| 21:23 | Build | Settlement |
| 21:42 | Create | Villager (Male) |
| 22:35 | Age | Castle Age |
| 22:37 | Create | Villager (Male) |
| 22:43 | Build | Castle |
| 22:54 | Build | Castle |
| 23:52 | Create | Kona |
| 23:59 | Build | Settlement |
| 24:09 | Build | Town Center |
| 24:18 | Create | Kona |
| 24:18 | Create | Villager (Male) |
| 24:22 | Build | Farm |
| 24:23 | Build | Farm |
| 24:24 | Build | Farm |
| 24:34 | Create | Villager (Male) |
| 25:02 | Build | Farm |
| 25:02 | Build | Farm |
| 25:02 | Build | Farm |
| 25:02 | Build | Farm |
| 25:03 | Build | Farm |
| 25:03 | Build | Farm |
| 25:03 | Build | Farm |
| 25:03 | Build | Farm |
| 25:08 | Build | House |
| 25:10 | Build | House |
| 25:17 | Create | Villager (Male) |
| 25:32 | Create | Villager (Male) |
| 25:41 | Create | Villager (Male) |
| 25:53 | Create | Villager (Male) |
| 25:54 | Create | Villager (Male) |
| 25:55 | Create | Villager (Male) |
| 26:04 | Create | Villager (Male) |
| 26:16 | Build | Farm |
| 26:17 | Build | Farm |
| 26:21 | Build | Farm |
| 26:22 | Build | Farm |
| 26:23 | Create | Villager (Male) |
| 26:23 | Create | Villager (Male) |
| 26:31 | Create | Villager (Male) |
| 26:40 | Create | Kona |
| 26:41 | Create | Kona |
| 26:45 | Build | House |
| 26:48 | Build | Palisade Wall |
| 26:55 | Build | House |
| 26:59 | Build | House |
| 27:02 | Build | House |
| 27:06 | Create | Kona |
| 27:06 | Create | Villager (Male) |
| 27:08 | Create | Villager (Male) |
| 27:08 | Create | Villager (Male) |
| 27:08 | Create | Villager (Male) |
| 27:10 | Create | Villager (Male) |
| 27:18 | Create | Kona |
| 27:41 | Create | Kona |
| 27:47 | Build | Settlement |
| 28:02 | Create | Kona |
| 28:29 | Create | Kona |
| 28:30 | Create | Kona |
| 28:35 | Create | Villager (Male) ×2 |
| 28:35 | Create | Villager (Male) ×2 |
| 28:48 | Create | Villager (Male) |
| 29:08 | Create | Villager (Male) |
| 29:08 | Create | Villager (Male) |
| 29:08 | Create | Villager (Male) |
| 29:12 | Create | Villager (Male) |
| 29:12 | Create | Villager (Male) |
| 29:22 | Create | Kona |
| 29:23 | Create | Villager (Male) |
| 29:29 | Build | Farm |
| 29:31 | Build | Outpost |
| 29:32 | Build | Outpost |
Build order — David Rasie
First 150 of 323 actions detected
| 0:08 | Build | Town Center |
| 0:13 | Build | House |
| 2:27 | Create | Villager (Male) ×5 |
| 2:27 | Create | Villager (Male) ×5 |
| 3:21 | Create | Villager (Male) |
| 3:22 | Create | Villager (Male) |
| 4:10 | Build | House |
| 4:15 | Build | House |
| 4:17 | Build | Lumber Camp |
| 4:17 | Create | Villager (Male) |
| 4:25 | Create | Villager (Male) |
| 4:43 | Create | Villager (Male) |
| 5:08 | Create | Villager (Male) |
| 5:09 | Create | Villager (Male) |
| 5:33 | Create | Villager (Male) |
| 5:45 | Build | House |
| 5:47 | Create | Villager (Male) |
| 6:02 | Research | Loom |
| 6:12 | Create | Villager (Male) |
| 6:20 | Create | Villager (Male) |
| 6:44 | Create | Villager (Male) |
| 6:48 | Build | Dock |
| 6:49 | Create | Villager (Male) |
| 7:07 | Create | Villager (Male) |
| 7:24 | Create | Fishing Ship |
| 7:28 | Build | House |
| 8:39 | Create | Villager (Male) |
| 8:40 | Create | Villager (Male) |
| 8:44 | Create | Fishing Ship |
| 8:48 | Create | Villager (Male) |
| 8:48 | Create | Villager (Male) |
| 9:40 | Build | Town Center |
| 9:44 | Build | Palisade Wall |
| 9:46 | Build | Palisade Wall |
| 9:48 | Build | Palisade Wall |
| 9:50 | Build | Palisade Wall |
| 9:51 | Build | Palisade Wall |
| 9:52 | Build | Palisade Wall |
| 9:53 | Build | Palisade Wall |
| 9:57 | Create | Fishing Ship |
| 10:01 | Build | House |
| 10:30 | Create | Villager (Male) |
| 10:38 | Build | Palisade Wall |
| 10:39 | Build | Palisade Wall |
| 10:40 | Build | Palisade Wall |
| 10:43 | Build | Palisade Wall |
| 10:43 | Build | Palisade Wall |
| 10:44 | Build | Palisade Wall |
| 11:26 | Create | Villager (Male) |
| 11:26 | Create | Villager (Male) |
| 11:35 | Build | Palisade Wall |
| 11:37 | Build | Palisade Wall |
| 11:41 | Build | Palisade Wall |
| 12:08 | Build | Palisade Wall |
| 12:35 | Create | Villager (Male) |
| 12:35 | Create | Villager (Male) |
| 12:44 | Build | Town Center |
| 12:59 | Build | Palisade Gate |
| 13:21 | Build | House |
| 13:27 | Build | Mill |
| 13:28 | Create | Villager (Male) |
| 13:37 | Build | Palisade Wall |
| 13:38 | Build | Palisade Wall |
| 13:39 | Build | Palisade Wall |
| 13:40 | Build | Palisade Wall |
| 13:41 | Build | Palisade Wall |
| 13:42 | Build | Palisade Wall |
| 14:39 | Create | Villager (Male) |
| 15:19 | Create | Villager (Male) |
| 15:27 | Build | House |
| 15:38 | Build | Mill |
| 16:03 | Build | Mill |
| 16:14 | Create | Villager (Male) |
| 16:14 | Create | Villager (Male) |
| 16:33 | Build | Farm |
| 16:35 | Build | Farm |
| 16:53 | Build | Farm |
| 16:56 | Create | Villager (Male) |
| 16:56 | Create | Villager (Male) |
| 17:00 | Build | House |
| 17:23 | Create | Villager (Male) |
| 17:32 | Create | Villager (Male) |
| 17:33 | Create | Villager (Male) |
| 17:49 | Build | Farm |
| 17:51 | Build | Farm |
| 17:53 | Create | Villager (Male) |
| 18:17 | Build | Farm |
| 18:23 | Create | Villager (Male) |
| 18:42 | Build | Farm |
| 18:43 | Research | Feudal Age |
| 19:13 | Create | Villager (Male) |
| 19:39 | Build | Mining Camp |
| 19:41 | Create | Villager (Male) |
| 19:49 | Build | Lumber Camp |
| 20:05 | Create | Villager (Male) |
| 20:18 | Build | Palisade Wall |
| 20:22 | Build | Palisade Wall |
| 20:23 | Build | Palisade Wall |
| 20:39 | Create | Villager (Male) |
| 20:42 | Create | Villager (Male) |
| 21:02 | Age | Feudal Age |
| 21:07 | Build | Market |
| 21:09 | Build | Blacksmith |
| 21:13 | Build | Palisade Wall |
| 21:15 | Build | Palisade Wall |
| 21:26 | Create | Villager (Male) |
| 21:33 | Build | Fish Trap |
| 21:37 | Build | Fish Trap |
| 22:06 | Research | Castle Age |
| 22:11 | Research | Double-Bit Axe |
| 22:32 | Create | Villager (Male) |
| 22:51 | Create | Villager (Male) |
| 23:10 | Build | Barracks |
| 23:14 | Research | Scale Barding Armor |
| 23:53 | Build | Lumber Camp |
| 24:19 | Build | Palisade Wall |
| 24:20 | Build | Palisade Wall |
| 24:23 | Build | House |
| 24:24 | Build | Palisade Wall |
| 24:25 | Build | Palisade Wall |
| 24:29 | Create | Villager (Male) |
| 24:31 | Age | Castle Age |
| 24:33 | Build | Stable |
| 24:34 | Build | Stable |
| 24:39 | Create | Villager (Male) |
| 24:53 | Build | Town Center |
| 25:03 | Research | Bow Saw |
| 25:07 | Create | Villager (Male) |
| 25:12 | Create | Villager (Male) |
| 25:29 | Create | Camel Scout |
| 25:29 | Create | Camel Scout |
| 25:34 | Create | Camel Scout |
| 26:00 | Create | Camel Scout |
| 26:00 | Create | Camel Scout |
| 26:26 | Build | Farm |
| 26:34 | Build | Monastery |
| 26:38 | Create | Villager (Male) |
| 26:39 | Create | Villager (Male) |
| 26:41 | Build | Farm |
| 26:43 | Build | Farm |
| 26:47 | Create | Villager (Male) |
| 26:47 | Create | Villager (Male) |
| 26:54 | Build | Farm |
| 26:59 | Create | Camel Scout |
| 26:59 | Create | Camel Scout |
| 27:00 | Create | Camel Scout |
| 27:12 | Research | Horse Collar |
| 27:20 | Build | Farm |
| 27:21 | Build | Farm |
| 27:22 | Build | Farm |
Build order — CTM | Carpincho
First 150 of 335 actions detected
| 0:45 | Build | Town Center |
| 2:13 | Build | House |
| 2:59 | Create | Villager (Male) |
| 2:59 | Create | Villager (Male) |
| 2:59 | Create | Villager (Male) |
| 3:00 | Create | Villager (Male) |
| 3:00 | Create | Villager (Male) |
| 3:24 | Build | House |
| 3:31 | Build | House |
| 4:37 | Create | Villager (Male) |
| 4:37 | Create | Villager (Male) |
| 4:38 | Create | Villager (Male) |
| 4:51 | Build | House |
| 5:29 | Create | Villager (Male) |
| 5:29 | Create | Villager (Male) |
| 5:30 | Create | Villager (Male) |
| 5:43 | Build | House |
| 5:55 | Build | House |
| 6:08 | Build | House |
| 6:19 | Build | House |
| 6:27 | Build | Lumber Camp |
| 6:38 | Create | Villager (Male) |
| 6:56 | Create | Villager (Male) |
| 6:56 | Create | Villager (Male) |
| 7:00 | Build | House |
| 7:01 | Build | House |
| 7:35 | Create | Villager (Male) |
| 7:35 | Create | Villager (Male) |
| 7:59 | Create | Villager (Male) |
| 8:31 | Build | Mill |
| 8:34 | Build | House |
| 8:44 | Create | Villager (Male) |
| 8:44 | Create | Villager (Male) |
| 8:47 | Build | House |
| 9:00 | Create | Villager (Male) |
| 9:45 | Build | Mining Camp |
| 9:48 | Create | Villager (Male) |
| 10:34 | Research | Loom |
| 11:01 | Research | Feudal Age |
| 12:18 | Create | Villager (Male) |
| 12:30 | Create | Villager (Male) |
| 13:11 | Age | Feudal Age |
| 13:37 | Build | Market |
| 13:40 | Build | Blacksmith |
| 14:08 | Create | Villager (Male) |
| 14:40 | Research | Castle Age |
| 15:02 | Build | House |
| 15:05 | Build | Palisade Wall |
| 15:16 | Research | Double-Bit Axe |
| 15:45 | Build | Barracks |
| 16:21 | Build | Mill |
| 16:38 | Research | Horse Collar |
| 16:51 | Build | Stable |
| 17:02 | Create | Villager (Male) |
| 17:08 | Build | Palisade Wall |
| 17:10 | Build | Palisade Wall |
| 17:14 | Build | Palisade Wall |
| 17:20 | Age | Castle Age |
| 17:25 | Create | Villager (Male) |
| 17:36 | Build | House |
| 17:42 | Create | Villager (Male) |
| 17:48 | Create | Camel Scout |
| 18:01 | Create | Camel Scout |
| 18:08 | Build | Palisade Wall |
| 18:09 | Build | Palisade Wall |
| 18:25 | Create | Villager (Male) |
| 18:25 | Create | Villager (Male) |
| 18:42 | Build | Town Center |
| 18:46 | Create | Villager (Male) |
| 19:01 | Create | Camel Scout |
| 19:37 | Create | Camel Scout |
| 19:38 | Create | Villager (Male) |
| 20:07 | Create | Camel Scout |
| 20:19 | Build | Town Center |
| 20:24 | Create | Villager (Male) |
| 20:24 | Create | Villager (Male) |
| 20:45 | Research | Husbandry |
| 20:50 | Create | Villager (Male) |
| 20:50 | Create | Villager (Male) |
| 20:56 | Create | Villager (Male) |
| 21:06 | Create | Villager (Male) |
| 21:26 | Create | Camel Scout |
| 21:26 | Create | Camel Scout |
| 21:27 | Create | Villager (Male) |
| 21:27 | Create | Villager (Male) |
| 21:38 | Build | Farm |
| 21:38 | Build | Farm |
| 21:38 | Build | Farm |
| 21:39 | Build | Farm |
| 21:39 | Build | Farm |
| 22:07 | Create | Villager (Male) |
| 22:22 | Create | Villager (Male) |
| 22:34 | Create | Villager (Male) |
| 22:40 | Build | Farm |
| 22:41 | Build | Farm |
| 22:41 | Build | Farm |
| 22:41 | Build | Farm |
| 22:41 | Build | Farm |
| 22:48 | Create | Knight |
| 22:55 | Build | House |
| 22:56 | Build | House |
| 22:58 | Research | Town Watch |
| 23:23 | Create | Villager (Male) |
| 23:23 | Create | Villager (Male) |
| 23:23 | Create | Villager (Male) |
| 23:43 | Create | Villager (Male) |
| 23:43 | Create | Villager (Male) |
| 23:46 | Build | House |
| 23:46 | Build | House |
| 23:54 | Build | Farm |
| 23:58 | Build | Lumber Camp |
| 24:08 | Create | Villager (Male) |
| 24:08 | Create | Villager (Male) |
| 24:29 | Create | Villager (Male) |
| 24:30 | Create | Villager (Male) |
| 24:41 | Build | Farm |
| 24:42 | Create | Villager (Male) |
| 24:42 | Create | Villager (Male) |
| 24:51 | Create | Camel Scout |
| 24:51 | Create | Camel Scout |
| 24:51 | Create | Camel Scout |
| 24:58 | Build | House |
| 24:59 | Build | House |
| 25:07 | Build | Farm |
| 25:08 | Create | Villager (Male) |
| 25:08 | Create | Villager (Male) |
| 25:18 | Build | House |
| 25:22 | Build | Palisade Wall |
| 25:28 | Create | Camel Scout |
| 25:28 | Create | Villager (Male) |
| 25:39 | Create | Camel Scout |
| 25:40 | Create | Villager (Male) |
| 25:47 | Build | Farm |
| 25:49 | Create | Villager (Male) |
| 25:49 | Create | Villager (Male) |
| 26:07 | Create | Villager (Male) |
| 26:07 | Create | Villager (Male) |
| 26:20 | Create | Camel Scout |
| 26:20 | Create | Camel Scout |
| 26:29 | Create | Villager (Male) |
| 26:29 | Create | Villager (Male) |
| 26:43 | Create | Villager (Male) |
| 26:43 | Create | Villager (Male) |
| 26:44 | Create | Villager (Male) |
| 26:49 | Build | House |
| 26:54 | Create | Camel Scout |
| 26:54 | Create | Villager (Male) |
| 26:54 | Create | Villager (Male) |
| 27:03 | Build | Farm |
| 27:03 | Build | Farm |
Build order — 色狼英雄传
First 150 of 294 actions detected
| 0:14 | Build | Town Center |
| 0:38 | Build | House |
| 2:31 | Create | Villager (Male) |
| 2:31 | Create | Villager (Male) |
| 2:31 | Create | Villager (Male) |
| 2:31 | Create | Villager (Male) |
| 2:57 | Build | House |
| 3:41 | Research | Loom |
| 3:42 | Build | House |
| 3:52 | Build | House |
| 3:56 | Build | House |
| 4:07 | Create | Villager (Male) |
| 4:07 | Create | Villager (Male) |
| 4:38 | Create | Villager (Male) |
| 4:38 | Create | Villager (Male) |
| 5:02 | Create | Villager (Male) |
| 5:02 | Create | Villager (Male) |
| 5:13 | Create | Villager (Male) |
| 5:13 | Create | Villager (Male) |
| 5:35 | Create | Villager (Male) |
| 5:36 | Create | Villager (Male) |
| 6:00 | Create | Villager (Male) |
| 6:00 | Create | Villager (Male) |
| 6:17 | Build | Palisade Gate |
| 6:28 | Create | Villager (Male) |
| 6:28 | Research | Loom |
| 6:36 | Create | Villager (Male) |
| 6:40 | Build | House |
| 6:55 | Create | Villager (Male) |
| 6:55 | Create | Villager (Male) |
| 7:10 | Create | Villager (Male) |
| 7:10 | Create | Villager (Male) |
| 7:14 | Build | Lumber Camp |
| 7:35 | Create | Villager (Male) |
| 8:47 | Build | Mill |
| 9:29 | Research | Feudal Age |
| 10:38 | Build | Barracks |
| 10:53 | Build | Barracks |
| 11:32 | Build | House |
| 11:48 | Age | Feudal Age |
| 11:53 | Build | Stable |
| 11:58 | Create | Villager (Male) |
| 11:59 | Create | Villager (Male) |
| 12:13 | Build | House |
| 12:17 | Build | Palisade Wall |
| 12:23 | Create | Spearman |
| 12:27 | Create | Villager (Male) |
| 12:41 | Research | Double-Bit Axe |
| 12:41 | Research | Double-Bit Axe |
| 12:45 | Create | Scout Cavalry |
| 12:45 | Create | Scout Cavalry |
| 12:46 | Create | Scout Cavalry |
| 12:46 | Create | Scout Cavalry |
| 12:47 | Create | Scout Cavalry |
| 12:47 | Create | Scout Cavalry |
| 13:01 | Create | Villager (Male) |
| 13:02 | Create | Villager (Male) |
| 13:42 | Create | Villager (Male) |
| 13:43 | Create | Villager (Male) |
| 13:56 | Create | Villager (Male) |
| 14:22 | Build | Watch Tower |
| 14:33 | Create | Villager (Male) |
| 14:34 | Create | Villager (Male) |
| 14:50 | Build | House |
| 15:48 | Create | Scout Cavalry |
| 16:27 | Create | Villager (Male) |
| 16:28 | Create | Villager (Male) |
| 16:31 | Build | House |
| 16:32 | Build | House |
| 16:51 | Create | Villager (Male) |
| 16:53 | Build | House |
| 16:54 | Build | House |
| 17:23 | Create | Villager (Male) |
| 17:49 | Create | Villager (Male) |
| 17:53 | Create | Villager (Male) |
| 17:55 | Build | Mining Camp |
| 17:57 | Create | Villager (Male) |
| 18:12 | Create | Villager (Male) |
| 18:46 | Build | Blacksmith |
| 18:48 | Build | House |
| 18:49 | Build | House |
| 18:59 | Create | Spearman |
| 18:59 | Create | Spearman |
| 20:04 | Create | Villager (Male) |
| 20:09 | Build | House |
| 20:09 | Build | House |
| 20:10 | Build | House |
| 20:44 | Create | Villager (Male) |
| 20:44 | Create | Villager (Male) |
| 20:48 | Research | Horse Collar |
| 20:48 | Research | Horse Collar |
| 20:51 | Create | Villager (Male) |
| 20:55 | Create | Spearman |
| 20:55 | Create | Spearman |
| 21:02 | Build | Palisade Wall |
| 21:08 | Build | Palisade Wall |
| 21:09 | Build | Palisade Wall |
| 21:12 | Build | Palisade Wall |
| 21:17 | Build | Palisade Wall |
| 21:21 | Build | Mill |
| 21:22 | Build | Farm |
| 21:23 | Build | Farm |
| 21:23 | Build | Farm |
| 21:23 | Build | Farm |
| 21:23 | Build | Farm |
| 21:24 | Build | Farm |
| 21:24 | Build | Farm |
| 21:24 | Build | Farm |
| 21:24 | Build | Farm |
| 21:29 | Create | Villager (Male) |
| 21:35 | Build | House |
| 21:39 | Build | Palisade Wall |
| 21:41 | Build | Palisade Wall |
| 21:53 | Build | Palisade Wall |
| 22:02 | Build | Palisade Wall |
| 22:03 | Build | Palisade Wall |
| 22:06 | Create | Villager (Male) |
| 22:07 | Build | Farm |
| 22:09 | Create | Villager (Male) |
| 22:16 | Create | Villager (Male) |
| 22:28 | Build | Palisade Gate |
| 22:41 | Create | Villager (Male) |
| 23:02 | Build | Farm |
| 23:03 | Build | Farm |
| 23:05 | Build | Farm |
| 23:32 | Build | Farm |
| 23:34 | Build | Farm |
| 23:40 | Create | Villager (Male) |
| 23:43 | Build | Farm |
| 23:46 | Build | Farm |
| 23:48 | Build | Farm |
| 24:07 | Create | Villager (Male) |
| 24:19 | Build | Farm |
| 24:21 | Build | Farm |
| 24:25 | Build | Farm |
| 24:49 | Research | Castle Age |
| 24:49 | Research | Castle Age |
| 25:06 | Research | Stone Mining |
| 25:06 | Research | Stone Mining |
| 25:39 | Research | Gold Mining |
| 25:59 | Research | Bloodlines |
| 25:59 | Research | Bloodlines |
| 26:14 | Research | Fletching |
| 26:14 | Research | Fletching |
| 26:16 | Create | Villager (Male) |
| 26:16 | Create | Villager (Male) |
| 27:19 | Create | Villager (Male) |
| 27:26 | Create | Spearman |
| 27:26 | Create | Spearman |
| 27:29 | Age | Castle Age |
Build order — CTM | Lelouch
First 150 of 336 actions detected
| 0:09 | Build | Town Center |
| 1:44 | Build | House |
| 2:17 | Create | Villager (Male) |
| 2:17 | Create | Villager (Male) |
| 2:18 | Create | Villager (Male) |
| 2:18 | Create | Villager (Male) |
| 2:18 | Create | Villager (Male) |
| 3:33 | Create | Villager (Male) |
| 3:33 | Create | Villager (Male) |
| 3:51 | Build | House |
| 3:55 | Create | Villager (Male) |
| 3:55 | Create | Villager (Male) |
| 4:17 | Create | Villager (Male) |
| 4:17 | Create | Villager (Male) |
| 4:17 | Create | Villager (Male) |
| 4:29 | Build | Lumber Camp |
| 4:31 | Create | Villager (Male) |
| 4:31 | Create | Villager (Male) |
| 4:50 | Create | Villager (Male) |
| 5:23 | Build | House |
| 5:52 | Create | Villager (Male) |
| 6:28 | Create | Villager (Male) |
| 6:29 | Create | Villager (Male) |
| 6:36 | Build | House |
| 6:44 | Create | Villager (Male) |
| 6:46 | Create | Villager (Male) |
| 6:55 | Create | Villager (Male) |
| 6:55 | Create | Villager (Male) |
| 7:00 | Build | Mill |
| 7:15 | Build | Palisade Wall |
| 7:47 | Create | Villager (Male) |
| 7:50 | Build | House |
| 8:04 | Build | House |
| 8:15 | Build | House |
| 8:40 | Research | Loom |
| 9:03 | Research | Feudal Age |
| 9:03 | Research | Feudal Age |
| 9:31 | Build | House |
| 10:01 | Create | Villager (Male) |
| 10:11 | Build | Barracks |
| 10:52 | Build | House |
| 11:15 | Age | Feudal Age |
| 11:20 | Build | Stable |
| 11:26 | Create | Villager (Male) |
| 11:29 | Research | Double-Bit Axe |
| 11:29 | Research | Double-Bit Axe |
| 11:52 | Create | Villager (Male) |
| 11:59 | Build | House |
| 12:06 | Create | Scout Cavalry |
| 12:12 | Build | Blacksmith |
| 12:17 | Build | House |
| 12:24 | Create | Scout Cavalry |
| 12:24 | Create | Villager (Male) |
| 12:35 | Create | Scout Cavalry |
| 12:46 | Research | Tech 1014 |
| 12:46 | Research | Tech 1014 |
| 12:49 | Create | Villager (Male) |
| 12:50 | Create | Villager (Male) |
| 12:50 | Create | Villager (Male) |
| 12:50 | Create | Villager (Male) |
| 13:12 | Research | Forging |
| 13:22 | Create | Villager (Male) |
| 13:22 | Create | Villager (Male) |
| 13:37 | Create | Scout Cavalry |
| 13:37 | Create | Scout Cavalry |
| 13:46 | Create | Villager (Male) |
| 14:02 | Build | House |
| 14:08 | Build | Pasture |
| 14:16 | Create | Villager (Male) |
| 14:22 | Build | Pasture |
| 14:29 | Build | Pasture |
| 14:32 | Create | Scout Cavalry |
| 14:44 | Create | Villager (Male) |
| 14:44 | Create | Villager (Male) |
| 14:50 | Build | House |
| 14:50 | Build | House |
| 14:51 | Build | House |
| 15:03 | Create | Scout Cavalry |
| 15:04 | Create | Scout Cavalry |
| 15:18 | Create | Villager (Male) |
| 15:18 | Create | Villager (Male) |
| 15:22 | Build | Pasture |
| 15:39 | Create | Scout Cavalry |
| 15:51 | Create | Villager (Male) |
| 15:51 | Create | Villager (Male) |
| 15:52 | Create | Villager (Male) |
| 15:57 | Build | Pasture |
| 16:10 | Create | Scout Cavalry |
| 16:27 | Create | Villager (Male) |
| 16:29 | Create | Villager (Male) |
| 16:30 | Create | Villager (Male) |
| 16:31 | Build | Stable |
| 16:46 | Create | Scout Cavalry |
| 16:59 | Create | Scout Cavalry |
| 17:05 | Build | Pasture |
| 17:10 | Create | Scout Cavalry |
| 17:20 | Create | Spearman |
| 17:20 | Create | Spearman |
| 17:29 | Create | Villager (Male) |
| 17:29 | Create | Villager (Male) |
| 18:03 | Create | Scout Cavalry |
| 18:05 | Create | Spearman |
| 18:09 | Create | Villager (Male) |
| 18:09 | Create | Villager (Male) |
| 18:09 | Create | Villager (Male) |
| 18:10 | Create | Villager (Male) |
| 18:12 | Build | Mining Camp |
| 18:28 | Create | Scout Cavalry |
| 18:46 | Build | Lumber Camp |
| 18:50 | Create | Scout Cavalry |
| 18:52 | Build | House |
| 19:01 | Create | Scout Cavalry |
| 19:27 | Build | Watch Tower |
| 19:53 | Build | House |
| 19:56 | Build | Palisade Gate |
| 19:57 | Create | Villager (Male) |
| 19:58 | Build | House |
| 20:01 | Build | Palisade Wall |
| 20:04 | Create | Scout Cavalry |
| 20:09 | Create | Scout Cavalry |
| 20:16 | Create | Villager (Male) |
| 20:16 | Create | Villager (Male) |
| 20:16 | Create | Villager (Male) |
| 20:17 | Create | Villager (Male) |
| 20:26 | Create | Villager (Male) |
| 20:34 | Build | Palisade Wall |
| 20:51 | Create | Scout Cavalry |
| 20:51 | Create | Scout Cavalry |
| 21:29 | Create | Scout Cavalry |
| 21:35 | Research | Scale Barding Armor |
| 21:46 | Build | Mining Camp |
| 21:51 | Build | Pasture |
| 22:01 | Create | Scout Cavalry |
| 22:01 | Create | Scout Cavalry |
| 22:01 | Create | Scout Cavalry |
| 22:05 | Create | Scout Cavalry |
| 22:21 | Build | Pasture |
| 22:26 | Create | Scout Cavalry |
| 22:26 | Create | Scout Cavalry |
| 22:31 | Create | Villager (Male) |
| 22:31 | Create | Villager (Male) |
| 22:46 | Create | Villager (Male) |
| 22:46 | Create | Villager (Male) |
| 22:49 | Create | Scout Cavalry |
| 22:49 | Create | Scout Cavalry |
| 22:56 | Create | Villager (Male) |
| 23:06 | Build | Dock |
| 23:08 | Create | Scout Cavalry |
| 23:09 | Create | Scout Cavalry |
| 23:18 | Create | Spearman |
Build order — CTM | KanChon
115 actions detected in the replay
| 0:17 | Build | Town Center |
| 2:37 | Build | House |
| 2:48 | Create | Villager (Male) |
| 2:48 | Create | Villager (Male) |
| 2:49 | Create | Villager (Male) |
| 2:49 | Create | Villager (Male) |
| 3:52 | Create | Villager (Male) |
| 3:53 | Create | Villager (Male) |
| 4:26 | Create | Villager (Male) |
| 4:27 | Create | Villager (Male) |
| 4:27 | Create | Villager (Male) |
| 4:33 | Build | House |
| 4:47 | Create | Villager (Male) |
| 4:47 | Create | Villager (Male) |
| 5:02 | Build | House |
| 5:28 | Create | Villager (Male) |
| 5:28 | Create | Villager (Male) |
| 5:43 | Build | Lumber Camp |
| 6:00 | Create | Villager (Male) |
| 6:01 | Create | Villager (Male) |
| 6:30 | Build | House |
| 6:32 | Create | Villager (Male) |
| 6:51 | Create | Villager (Male) |
| 7:09 | Create | Villager (Male) |
| 7:23 | Create | Villager (Male) |
| 7:57 | Create | Villager (Male) |
| 8:11 | Build | House |
| 8:18 | Build | House |
| 8:26 | Create | Villager (Male) |
| 8:59 | Create | Villager (Male) |
| 9:21 | Build | Mill |
| 9:33 | Create | Villager (Male) |
| 9:58 | Create | Villager (Male) |
| 10:20 | Create | Villager (Male) |
| 10:21 | Build | Mining Camp |
| 10:29 | Research | Loom |
| 10:49 | Build | Palisade Wall |
| 10:50 | Build | Palisade Wall |
| 10:51 | Build | Palisade Wall |
| 10:51 | Build | Palisade Wall |
| 10:53 | Build | Palisade Wall |
| 10:54 | Build | Palisade Wall |
| 10:56 | Build | Palisade Wall |
| 10:58 | Build | Palisade Wall |
| 11:03 | Build | Palisade Wall |
| 11:22 | Build | Palisade Wall |
| 11:42 | Research | Feudal Age |
| 11:43 | Research | Feudal Age |
| 12:20 | Build | Palisade Wall |
| 12:23 | Build | Palisade Wall |
| 12:24 | Build | Palisade Wall |
| 12:28 | Build | Palisade Wall |
| 12:29 | Build | Palisade Wall |
| 12:30 | Build | Palisade Wall |
| 12:32 | Build | Palisade Wall |
| 12:33 | Build | Palisade Wall |
| 12:33 | Build | Palisade Wall |
| 12:34 | Build | Palisade Wall |
| 12:38 | Build | Palisade Wall |
| 12:50 | Build | Mill |
| 13:33 | Build | Palisade Wall |
| 13:48 | Create | Villager (Male) |
| 13:48 | Create | Villager (Male) |
| 13:52 | Age | Feudal Age |
| 13:59 | Build | Market |
| 14:05 | Build | Blacksmith |
| 14:27 | Build | Watch Tower |
| 21:00 | Build | Town Center |
| 22:08 | Create | Villager (Male) |
| 22:09 | Create | Villager (Male) |
| 22:09 | Create | Villager (Male) |
| 22:09 | Create | Villager (Male) |
| 22:14 | Create | Villager (Male) |
| 22:15 | Create | Villager (Male) |
| 22:15 | Create | Villager (Male) |
| 22:15 | Create | Villager (Male) |
| 22:30 | Research | Fletching |
| 23:38 | Build | Mining Camp |
| 24:05 | Build | Outpost |
| 25:09 | Build | Farm |
| 25:27 | Build | Farm |
| 25:30 | Build | Farm |
| 26:04 | Build | Outpost |
| 26:43 | Create | Villager (Male) |
| 26:43 | Create | Villager (Male) |
| 26:53 | Build | Watch Tower |
| 27:38 | Build | Watch Tower |
| 27:43 | Build | House |
| 27:49 | Build | House |
| 27:57 | Create | Villager (Male) |
| 27:57 | Create | Villager (Male) |
| 27:58 | Create | Villager (Male) |
| 28:21 | Build | House |
| 28:25 | Build | Palisade Wall |
| 28:25 | Build | Palisade Wall |
| 28:26 | Build | Palisade Wall |
| 29:06 | Create | Villager (Male) |
| 29:06 | Create | Villager (Male) |
| 29:45 | Build | Lumber Camp |
| 30:06 | Build | House |
| 30:09 | Build | House |
| 30:14 | Build | House |
| 30:17 | Build | House |
| 30:20 | Build | Palisade Wall |
| 31:38 | Create | Villager (Male) |
| 31:38 | Create | Villager (Male) |
| 34:36 | Build | Palisade Wall |
| 34:37 | Build | Palisade Wall |
| 34:39 | Build | Palisade Wall |
| 34:40 | Build | Palisade Wall |
| 34:40 | Build | Palisade Wall |
| 34:54 | Build | Palisade Wall |
| 36:03 | Build | Town Center |
| 38:46 | Build | Palisade Wall |
| 38:47 | Build | Palisade Wall |
Match timeline
| 5:49 | CTM | SMH · wall_segment Palisade Wall x1 |
| 6:48 | David Rasie · first_building Dock |
| 7:15 | CTM | Lelouch · wall_segment Palisade Wall x1 |
| 7:25 | kk900826 · wall_segment Palisade Wall x1 |
| 9:44 | David Rasie · wall_segment Palisade Wall x1 |
| 9:46 | David Rasie · wall_segment Palisade Wall x1 |
| 9:48 | David Rasie · wall_segment Palisade Wall x1 |
| 9:50 | David Rasie · wall_segment Palisade Wall x1 |
| 9:51 | David Rasie · wall_segment Palisade Wall x1 |
| 9:52 | David Rasie · wall_segment Palisade Wall x1 |
| 9:53 | David Rasie · wall_segment Palisade Wall x1 |
| 10:11 | CTM | Lelouch · first_building Barracks |
| 10:24 | SHENBBBBB · first_building Barracks |
| 10:38 | 色狼英雄传 · first_building Barracks |
| 10:38 | David Rasie · wall_segment Palisade Wall x1 |
| 10:39 | David Rasie · wall_segment Palisade Wall x1 |
| 10:40 | David Rasie · wall_segment Palisade Wall x1 |
| 10:43 | David Rasie · wall_segment Palisade Wall x4 |
| 10:43 | David Rasie · wall_segment Palisade Wall x1 |
| 10:44 | David Rasie · wall_segment Palisade Wall x1 |
| 10:49 | CTM | KanChon · wall_segment Palisade Wall x1 |
| 10:50 | CTM | KanChon · wall_segment Palisade Wall x1 |
| 10:51 | CTM | KanChon · wall_segment Palisade Wall x1 |
| 10:51 | CTM | KanChon · wall_segment Palisade Wall x1 |
| 10:53 | CTM | KanChon · wall_segment Palisade Wall x1 |
| 10:54 | CTM | KanChon · wall_segment Palisade Wall x1 |
| 10:56 | CTM | KanChon · wall_segment Palisade Wall x1 |
| 10:58 | CTM | KanChon · wall_segment Palisade Wall x1 |
| 11:03 | CTM | KanChon · wall_segment Palisade Wall x1 |
| 11:13 | kk900826 · first_building Barracks |
| 11:15 | CTM | Lelouch · age_up feudal |
| 11:20 | CTM | Lelouch · first_building Stable |
| 11:22 | CTM | KanChon · wall_segment Palisade Wall x1 |
| 11:29 | SHENBBBBB · age_up feudal |
| 11:32 | SHENBBBBB · first_building Stable |
| 11:35 | David Rasie · wall_segment Palisade Wall x1 |
| 11:37 | David Rasie · wall_segment Palisade Wall x1 |
| 11:41 | David Rasie · wall_segment Palisade Wall x1 |
| 11:47 | kk900826 · age_up feudal |
| 11:48 | 色狼英雄传 · age_up feudal |
| 11:53 | 色狼英雄传 · first_building Stable |
| 12:07 | kk900826 · first_building Stable |
| 12:08 | David Rasie · wall_segment Palisade Wall x1 |
| 12:11 | kk900826 · wall_segment Palisade Wall x1 |
| 12:16 | kk900826 · wall_segment Palisade Wall x2 |
| 12:17 | 色狼英雄传 · wall_segment Palisade Wall x5 |
| 12:20 | CTM | KanChon · wall_segment Palisade Wall x1 |
| 12:23 | CTM | KanChon · wall_segment Palisade Wall x1 |
| 12:24 | CTM | KanChon · wall_segment Palisade Wall x1 |
| 12:28 | CTM | KanChon · wall_segment Palisade Wall x1 |
| 12:29 | CTM | KanChon · wall_segment Palisade Wall x1 |
| 12:30 | CTM | KanChon · wall_segment Palisade Wall x1 |
| 12:32 | CTM | KanChon · wall_segment Palisade Wall x1 |
| 12:33 | CTM | KanChon · wall_segment Palisade Wall x1 |
| 12:33 | CTM | KanChon · wall_segment Palisade Wall x1 |
| 12:34 | CTM | KanChon · wall_segment Palisade Wall x1 |
| 12:38 | CTM | KanChon · wall_segment Palisade Wall x1 |
| 13:11 | CTM | Carpincho · age_up feudal |
| 13:33 | CTM | KanChon · wall_segment Palisade Wall x1 |
| 13:37 | David Rasie · wall_segment Palisade Wall x1 |
| 13:38 | David Rasie · wall_segment Palisade Wall x1 |
| 13:39 | David Rasie · wall_segment Palisade Wall x1 |
| 13:40 | David Rasie · wall_segment Palisade Wall x1 |
| 13:41 | David Rasie · wall_segment Palisade Wall x6 |
| 13:42 | David Rasie · wall_segment Palisade Wall x3 |
| 13:52 | CTM | KanChon · age_up feudal |
| 14:07 | CTM | SMH · wall_segment Palisade Wall x1 |
| 14:08 | CTM | SMH · wall_segment Palisade Wall x1 |
| 14:11 | CTM | SMH · wall_segment Palisade Wall x1 |
| 14:12 | CTM | SMH · wall_segment Palisade Wall x1 |
| 14:20 | CTM | SMH · wall_segment Palisade Wall x1 |
| 14:28 | CTM | SMH · wall_segment Palisade Wall x1 |
| 14:31 | CTM | Carpincho · first_market_sell 100 wood |
| 14:31 | CTM | Carpincho · first_market_buy 100 food |
| 14:37 | CTM | SMH · wall_segment Palisade Wall x1 |
| 15:05 | CTM | Carpincho · wall_segment Palisade Wall x1 |
| 15:25 | CTM | SMH · wall_segment Palisade Wall x5 |
| 15:45 | CTM | Carpincho · first_building Barracks |
| 15:47 | CTM | SMH · wall_segment Palisade Wall x7 |
| 15:55 | kk900826 · wall_segment Palisade Wall x4 |
| 16:50 | CTM | KanChon · first_market_buy 100 stone |
| 16:51 | CTM | Carpincho · first_building Stable |
| 17:08 | CTM | Carpincho · wall_segment Palisade Wall x1 |
| 17:10 | CTM | Carpincho · wall_segment Palisade Wall x1 |
| 17:14 | CTM | Carpincho · wall_segment Palisade Wall x1 |
| 17:20 | CTM | Carpincho · age_up castle |
| 18:08 | CTM | Carpincho · wall_segment Palisade Wall x1 |
| 18:09 | CTM | Carpincho · wall_segment Palisade Wall x1 |
| 18:10 | CTM | SMH · wall_segment Palisade Wall x1 |
| 18:22 | CTM | SMH · age_up feudal |
| 18:46 | CTM | SMH · wall_segment Palisade Wall x1 |
| 19:44 | CTM | SMH · first_market_buy 100 food |
| 19:48 | CTM | SMH · first_market_sell 100 stone |
| 20:01 | CTM | Lelouch · wall_segment Palisade Wall x6 |
| 20:18 | David Rasie · wall_segment Palisade Wall x1 |
| 20:22 | David Rasie · wall_segment Palisade Wall x1 |
| 20:23 | David Rasie · wall_segment Palisade Wall x1 |
| 20:34 | CTM | Lelouch · wall_segment Palisade Wall x1 |
| 21:02 | 色狼英雄传 · wall_segment Palisade Wall x5 |
| 21:02 | David Rasie · age_up feudal |
| 21:07 | SHENBBBBB · wall_segment Palisade Wall x1 |
| 21:08 | 色狼英雄传 · wall_segment Palisade Wall x2 |
| 21:09 | 色狼英雄传 · wall_segment Palisade Wall x3 |
| 21:12 | 色狼英雄传 · wall_segment Palisade Wall x6 |
| 21:13 | David Rasie · wall_segment Palisade Wall x1 |
| 21:15 | David Rasie · wall_segment Palisade Wall x1 |
| 21:17 | 色狼英雄传 · wall_segment Palisade Wall x10 |
| 21:32 | kk900826 · wall_segment Palisade Wall x1 |
| 21:36 | kk900826 · wall_segment Palisade Wall x8 |
| 21:39 | 色狼英雄传 · wall_segment Palisade Wall x8 |
| 21:41 | kk900826 · wall_segment Palisade Wall x15 |
| 21:41 | 色狼英雄传 · wall_segment Palisade Wall x8 |
| 21:53 | 色狼英雄传 · wall_segment Palisade Wall x4 |
| 22:02 | 色狼英雄传 · wall_segment Palisade Wall x10 |
| 22:03 | 色狼英雄传 · wall_segment Palisade Wall x1 |
| 22:29 | kk900826 · first_market_buy 100 food |
| 22:35 | CTM | SMH · age_up castle |
| 22:43 | CTM | SMH · first_building Castle |
| 23:01 | kk900826 · first_market_sell 100 wood |
| 23:06 | CTM | Lelouch · first_building Dock |
| 23:10 | David Rasie · first_building Barracks |
| 24:19 | David Rasie · wall_segment Palisade Wall x1 |
| 24:20 | David Rasie · wall_segment Palisade Wall x1 |
| 24:24 | David Rasie · wall_segment Palisade Wall x1 |
| 24:25 | David Rasie · wall_segment Palisade Wall x1 |
| 24:31 | David Rasie · age_up castle |
| 24:33 | David Rasie · first_building Stable |
| 24:44 | David Rasie · first_market_buy 100 stone |
| 25:22 | CTM | Carpincho · wall_segment Palisade Wall x1 |
| 25:32 | David Rasie · first_market_sell 100 wood |
| 26:18 | CTM | Lelouch · first_market_buy 100 food |
| 26:23 | kk900826 · age_up castle |
| 26:34 | David Rasie · first_building Monastery |
| 26:48 | CTM | SMH · wall_segment Palisade Wall x4 |
| 27:16 | SHENBBBBB · age_up castle |
| 27:29 | 色狼英雄传 · age_up castle |
| 27:55 | 色狼英雄传 · first_building Castle |
| 28:04 | David Rasie · first_building Siege Workshop |
| 28:25 | CTM | KanChon · wall_segment Palisade Wall x1 |
| 28:25 | CTM | KanChon · wall_segment Palisade Wall x1 |
| 28:26 | CTM | KanChon · wall_segment Palisade Wall x1 |
| 28:55 | CTM | Lelouch · first_building Archery Range |
| 29:16 | CTM | Lelouch · wall_segment Palisade Wall x1 |
| 29:18 | CTM | Lelouch · wall_segment Palisade Wall x1 |
| 29:22 | CTM | Lelouch · wall_segment Palisade Wall x1 |
| 29:32 | CTM | Lelouch · age_up castle |
| 30:08 | kk900826 · first_building Monastery |
| 30:20 | CTM | KanChon · wall_segment Palisade Wall x1 |
| 30:21 | CTM | Carpincho · first_building Archery Range |
| 31:23 | SHENBBBBB · first_market_buy 100 food |
| 31:54 | 色狼英雄传 · first_building Siege Workshop |
| 31:55 | CTM | KanChon · first_market_sell 100 wood |
| 32:42 | 色狼英雄传 · wall_segment Stone Wall x6 |
| 33:00 | kk900826 · wall_segment Palisade Wall x1 |
| 33:04 | kk900826 · wall_segment Palisade Wall x1 |
| 33:56 | CTM | Lelouch · first_building Castle |
| 34:30 | CTM | Lelouch · first_building Siege Workshop |
| 34:36 | CTM | KanChon · wall_segment Palisade Wall x1 |
| 34:37 | CTM | KanChon · wall_segment Palisade Wall x1 |
| 34:39 | CTM | KanChon · wall_segment Palisade Wall x1 |
| 34:40 | CTM | KanChon · wall_segment Palisade Wall x2 |
| 34:40 | CTM | KanChon · wall_segment Palisade Wall x1 |
| 34:46 | CTM | Lelouch · wall_segment Stone Wall x1 |
| 34:47 | CTM | Lelouch · wall_segment Stone Wall x1 |
| 34:53 | CTM | Lelouch · wall_segment Stone Wall x1 |
| 34:54 | CTM | KanChon · wall_segment Palisade Wall x1 |
| 35:24 | CTM | Carpincho · first_building Castle |
| 35:58 | CTM | Lelouch · first_market_sell 100 food |
| 36:05 | kk900826 · first_building Siege Workshop |
| 38:46 | CTM | KanChon · wall_segment Palisade Wall x1 |
| 38:47 | CTM | KanChon · wall_segment Palisade Wall x1 |
| 38:58 | CTM | SMH · resign |
[ AI ANALYSIS · 1 CREDIT ]
What really happened in this match?
Wolo.gg analyzes every decision: build order, eco, micro, common mistakes by bracket. Personalized analysis on WhatsApp or Discord in 30 seconds.
Civ guide
Hindustanis
Perfil
Jugador #4640394